 Dungeon Crawl Stone Soup version 0.21.1-1-g345015f (webtiles) character file.

952 Kagorn the Skirmisher (level 8, 0/51 HPs)
             Began as a Gargoyle Berserker on June 11, 2018.
             Was a Priest of Trog.
             Slain by a slime creature (12 damage)
             ... on level 6 of the Dungeon.
             The game lasted 00:21:57 (3918 turns).

Kagorn the Skirmisher (Gargoyle Berserker)          Turns: 3918, Time: 00:22:09

Health: 0/51       AC:  8    Str: 22      XL:     8   Next: 13%
Magic:  8/8        EV:  6    Int:  6 (7)  God:    Trog [***...]
Gold:   175        SH:  8    Dex: 11      Spells: 7/7 levels left

rFire    . . .     SeeInvis .   s - +2 short sword (venom)
rCold    . . .     Gourm    .   z - +0 shield
rNeg     + . .     Faith    .   j - +0 chain mail
rPois    ∞         Spirit   .   o - +0 hat {MR+}
rElec    +         Reflect  .   (no cloak)
rCorr    .         Harm     .   (no gloves)
MR       +....                  e - +0 pair of boots
Stlth    ..........             (no amulet)
HPRegen  0.17/turn              (no ring)
MPRegen  0.11/turn              (no ring)

@: marked, corroded
A: negative energy resistance 1, electricity resistance, unbreathing,
petrification resistance, rot immunity, AC +5
a: Berserk, Trog's Hand, Burn Spellbooks, Renounce Religion


You were on level 6 of the Dungeon.
You worshipped Trog.
Trog was most pleased with you.
You were not hungry.

You visited 1 branch of the dungeon, and saw 6 of its levels.

You collected 175 gold pieces.

Inventory:

Hand Weapons
 a - a +0 mace
 n - a +0 quarterstaff
 r - a +1 mace of holy wrath
 s - a +2 short sword of venom (weapon)
 t - a +0 hand axe of freezing
 y - a +0 battleaxe
Armour
 e - a +0 pair of boots (worn)
 j - a +0 chain mail (worn)
 m - the +2 robe of the Tick {rF+, unknown}
   (You found it on level 6 of the Dungeon)

   It protects you from fire.
 o - a +0 hat of magic resistance (worn)
 z - a +0 shield (worn)
Wands
 l - a wand of iceblast (13)
Scrolls
 b - 4 scrolls of remove curse
 d - a scroll of immolation
 f - 4 scrolls of identify
 k - 3 scrolls of teleportation
 p - a scroll of blinking {unknown}
 u - a scroll of magic mapping
Potions
 g - 2 potions of flight
 h - a potion of brilliance {unknown}
 i - 2 potions of curing
 q - 3 potions of berserk rage
Comestibles
 c - 6 rations


   Skills:
 * Level 6.2 Fighting
 * Level 2.0 Short Blades
 - Level 3.5(4.1) Maces & Flails
 - Level 3.2(4.0) Staves
 + Level 4.2 Armour
 + Level 3.0 Dodging
 + Level 3.7 Stealth
 + Level 1.5 Shields


You had 7 spell levels left.
You didn't know any spells.

Dungeon Overview and Level Annotations

Branches:
Dungeon (6/15)
 Temple: D:4-7

Altars:
Ashenzari
Okawaru
Wu Jian
The Shining One


Innate Abilities, Weirdness & Mutations

You are resistant to torment.
Your stone body is resilient. (AC +5)
You are immune to poison.
You resist negative energy. (rN+)
You are resistant to electric shocks. (rElec)
You can survive without breathing.
You are immune to petrification.
You are immune to rotting.


Message History

A jelly and a centaur come into view.
You hit the jelly.
Your hands burn!
The jelly is moderately wounded.
You block the giant cockroach's attack. The jelly hits you but does no damage.
You block the ooze's attack. The giant cockroach bites you.
An ooze and a gnoll come into view.
You hit the jelly but do no damage.
The jelly is poisoned.
Your hands burn!
The jelly is moderately wounded.
You block the jelly's attack. The ooze hits you but does no damage.
The giant cockroach bites you but does no damage.
The slime creature hits you!
A jackal and an ooze come into view.
You hit the jelly.
The jelly looks as sick as possible!
The acid corrodes you!
Your hands burn!
* * * LOW HITPOINT WARNING * * *
The jelly is severely wounded.
The ooze hits you but does no damage.
The giant cockroach bites you but does no damage.
The jelly hits you but does no damage. The slime creature hits you!
You die...

..###+##.....#.......#
.Fg.....##############
...g....# ...h....#
....g...#
........######
#####c.......#
#..Js....# #...@....#
#..JJJ...# #..JJ....#
#...J.......
####.####.... #J# ####
#J# #.#


You could see a slime creature, a bullfrog, a centaur, 4 jellies, 3 gnolls, 4
oozes, a jackal and a giant cockroach.

Vanquished Creatures
  The ghost of inc the Conjurer, a novice OpCj of Gozag (D:5)
  An ogre (D:6)
  A centaur (D:5)
  A scorpion (D:5)
  A jelly (D:6)
  2 crimson imps (D:5)
  2 hounds (D:5)
  3 orc priests
  5 orc wizards
  An adder (D:2)
  An adder zombie (D:5)
  A worm (D:2)
  3 leopard geckos
  8 orcs
  2 giant cockroaches
  14 goblins
  4 hobgoblins
  10 jackals
  2 quokkas
  A ball python (D:3)
  6 bats
  6 frilled lizards
  8 kobolds
  7 rats
91 creatures vanquished.

Vanquished Creatures (others)
  6 fungi (D:6)
6 creatures vanquished.

Grand Total: 97 creatures vanquished

Notes
Turn   | Place    | Note
-------+----------+-------------------------------------------
     0 | D:1      | Kagorn the Gargoyle Berserker began the quest for the Orb.
     0 | D:1      | Reached XP level 1. HP: 14/14 MP: 1/1
   152 | D:1      | Reached XP level 2. HP: 12/19 MP: 2/2
   422 | D:1      | Reached skill level 1 in Stealth
   566 | D:1      | Reached XP level 3. HP: 24/24 MP: 3/3
  1040 | D:2      | Reached ** piety under Trog
  1308 | D:2      | Reached skill level 4 in Fighting
  1334 | D:2      | Reached XP level 4. HP: 20/29 MP: 4/4
  1853 | D:2      | Found a glowing golden altar of the Shining One.
  2000 | D:3      | Reached skill level 1 in Staves
  2005 | D:3      | Reached XP level 5. HP: 17/34 MP: 5/5
  2021 | D:3      | Found an iron altar of Okawaru.
  2814 | D:5      | Entered Level 5 of the Dungeon
  2911 | D:5      | Noticed a centaur
  2924 | D:5      | Killed a centaur
  2924 | D:5      | Reached XP level 6. HP: 37/40 MP: 6/6
  3081 | D:5      | Noticed inc's ghost (novice OpCj)
  3110 | D:5      | Killed inc's ghost
  3110 | D:5      | Reached skill level 5 in Fighting
  3110 | D:5      | Reached XP level 7. HP: 15/44 MP: 7/7
  3270 | D:5      | Found an ornate altar of the Wu Jian Council.
  3300 | D:5      | Reached *** piety under Trog
  3300 | D:5      | Reached skill level 1 in Short Blades
  3456 | D:5      | Reached skill level 1 in Shields
  3491 | D:5      | Found a shattered altar of Ashenzari.
  3508 | D:5      | Reached skill level 6 in Fighting
  3844 | D:6      | Got a creamy pearl robe
  3864 | D:6      | Reached XP level 8. HP: 42/51 MP: 8/8
  3912 | D:6      | Noticed a slime creature
  3918 | D:6      | Slain by a slime creature

Skill      XL: |  1  2  3  4  5  6  7  8 |
---------------+-------------------------+-----
Stealth        | 1 2 3 |  3.7
Fighting       | 4 5 6 |  6.2
Staves         | 1 2 3 |  3.2
Dodging        | 2 3 |  3.0
Armour         | 3 4 |  4.2
Short Blades   | 1 2 |  2.0
Shields        | 1 |  1.5
Maces & Flails | |  3.5

Action                   |  1- 3 |  4- 6 |  7- 9 || total
-------------------------+-------+-------+-------++-------
Melee: Mace              |   132 |       |       ||   132
       Quarterstaff      |    21 |   115 |       ||   136
       Short sword       |       |    24 |    73 ||    97
Invok: Trog's Hand       |       |     2 |       ||     2
  Use: Scroll            |       |     7 |       ||     7
       Potion            |       |     4 |     2 ||     6
  Eat: Chunk             |     1 |     3 |     1 ||     5
       Ration            |       |     1 |     1 ||     2
Armor: Animal skin       |    11 |       |       ||    11
       Scale mail        |    35 |       |       ||    35
       Chain mail        |    50 |   113 |    59 ||   222
Dodge: Dodged            |    93 |    86 |    12 ||   191
Block: Shield            |       |     8 |    33 ||    41
